 Dungeon Crawl Stone Soup version 0.21-a0-421-gfc1ce30 (webtiles) character file.

35582 Bashion the Spear-Bearer (level 13, 0/116 HPs)
             Began as a Hill Orc Berserker on Nov 5, 2017.
             Was an Elder of Trog.
             Shot with an arrow by a deep elf archer (27 damage)
             ... on level 1 of the Elven Halls.
             The game lasted 02:12:27 (20279 turns).

Bashion the Spear-Bearer (Hill Orc Berserker)      Turns: 20279, Time: 02:12:28

Health: 0/116      AC: 23    Str: 25    XL:     13   Next: 84%
Magic:  13/13      EV:  8    Int:  7    God:    Trog [****..]
Gold:   211        SH: 13    Dex: 10    Spells: 12/12 levels left

rFire    . . .     SeeInvis .   u - +3 trident (pierce)
rCold    + . .     Gourm    .   e - +0 shield
rNeg     . . .     Faith    .   i - +4 plate armour {rPois}
rPois    +         Spirit   .   C - +2 helmet
rElec    .         Reflect  .   b - scarf {cloud immunity}
rCorr    .         Harm     .   q - +0 pair of gloves
MR       ++...                  (no boots)
Stlth    ..........             (no amulet)
HPRegen  1.29/turn              E - ring of protection from cold
MPRegen  0.13/turn              T - ring of flight

@: regenerating, slowed, very slow
A: no striking features
a: Berserk, Trog's Hand, Brothers in Arms, Burn Spellbooks, Renounce Religion,
Evoke Flight


You were on level 1 of the Elven Halls.
You worshipped Trog.
Trog was greatly pleased with you.
You were not hungry.

You visited 4 branches of the dungeon, and saw 15 of its levels.

You collected 1418 gold pieces.
You spent 1207 gold pieces at shops.

Inventory:

Hand Weapons
 a - a +3 falchion of freezing
 l - a +2 great mace
 u - a +3 trident of piercing (weapon)
 A - a +1 halberd of chopping
 B - a +0 long sword of slicing
Missiles
 d - 20 tomahawks (quivered)
 z - 20 poisoned needles
 L - 4 needles of confusion
Armour
 b - a scarf of cloud immunity (worn)
 e - a +0 shield (worn)
 i - a +4 plate armour of poison resistance (worn)
 q - a +0 pair of gloves (worn)
 x - a +0 troll leather armour
 C - a +2 helmet (worn)
 N - a +0 cloak
 Y - a +3 plate armour
Magical Staves
 t - an uncursed staff of power
Jewellery
 E - a ring of protection from cold (left hand)
 T - a ring of flight (right hand)
Wands
 j - a wand of iceblast (7/15)
 H - a wand of random effects (15/48)
 J - a wand of flame (23/48)
 K - a wand of polymorph (16/24)
 R - a wand of disintegration (10/24)
 V - a wand of random effects (25/48)
 X - a wand of random effects (20/48)
Scrolls
 f - a scroll of identify
 s - 3 scrolls of random uselessness
 y - a scroll of magic mapping
 D - 2 scrolls of remove curse
 G - 3 scrolls of fog
 I - 2 scrolls of recharging
 P - a scroll of fear {unknown}
 Q - a scroll of blinking {unknown}
Potions
 g - 2 potions of curing
 k - a potion of resistance
 p - 7 potions of degeneration
 r - 2 potions of cancellation
 F - 3 potions of berserk rage
 S - 2 potions of mutation
Books
 U - a book of Debilitation

   Spells                             Type                      Level
   a - Corona                         Hexes                        1
   b - Slow                           Hexes                        2
   c - Inner Flame                    Hexes/Fire                   3
   d - Portal Projectile              Hexes/Translocation          3
   e - Cause Fear                     Hexes                        4
   f - Leda's Liquefaction            Hexes/Earth                  4
   Trog disapproves of the use of such an item.
Comestibles
 c - 9 bread rations
 h - a royal jelly
 n - 7 fruits
 o - 4 meat rations


   Skills:
 + Level 11.4 Fighting
 + Level 13.9 Polearms
 + Level 3.9 Throwing
 + Level 10.9 Armour
 + Level 3.6 Dodging
 - Level 1.0 Stealth
 * Level 13.7 Shields
 + Level 0.9 Evocations


You had 12 spell levels left.
You didn't know any spells.

Dungeon Overview and Level Annotations

Branches:
Dungeon (11/15)            Temple (1/1) D:5            Lair (0/6) D:10
    Orc (2/2) D:11            Elf (1/3) Orc:2

Altars:
Ashenzari
Cheibriados
Dithmenos
Elyvilon
Fedhas
Gozag
Hepliaklqana
Kikubaaqudgha
Makhleb
Nemelex Xobeh
Okawaru
Qazlal
Ru
Sif Muna
Trog
Uskayaw
Vehumet
Wu Jian
Xom
Yredelemnul
Zin
The Shining One
Beogh

Shops:
D:4 :   D:6 [   D:9 :   D:11 ?   Orc:2 %***[%*


Message History

Attack whom?
Press: ? - help, Dir - move target cursor, f/p - deep elf mage
Aim: a deep elf mage, wielding a long sword of freezing and wearing a ring mail (translocational energy)
You reach to attack!
You hit the deep elf mage.
The deep elf mage is moderately wounded.
You impale the deep elf mage!!
The deep elf mage is almost dead.
The deep elf mage gestures at you while chanting.
The bolt of lightning hits you!
* * * LOW HITPOINT WARNING * * *
The deep elf archer blinks!
You hit the deep elf mage.
You kill the deep elf mage!
Trog accepts your kill.
Trog appreciates your killing of a magic user.
Your skin crawls.
You feel resistant to hostile enchantments.
You feel somewhat more hungry.
The deep elf archer shoots an arrow.
The arrow hits you!!
You die...

..+# #.# #+## .##.# #.#
....# #.# #.# .e..e#
#.###.# ......# #'##'###
....... ##.....#+ .......
#.......#
.8....e##########.......#
..(....()(@(....'.......#
......(##########.......#
......# #.......# .....#
##.....## ....# #######
####


You could see a deep elf archer.

Vanquished Creatures
  Gastronok (D:9)
  An ettin (Orc:1)
  Josephine (D:11)
  A deep elf death mage (Elf:1)
  An ogre mage (Orc:2)
  3 dancing weapons (Elf:1)
  8 two-headed ogres
  A death yak (D:9)
  An orc high priest (Orc:2)
  2 deep trolls (Orc:1)
  A necromancer (Elf:1)
  An orc knight (Orc:1)
  5 deep elf magi (Elf:1)
  3 orc sorcerers (Orc:1)
  2 cyclopes
  Joseph (D:7)
  A yaktaur (shapeshifter) (Elf:1)
  8 trolls
  A wind drake (shapeshifter) (Elf:1)
  A hippogriff (D:7)
  6 wraiths
  3 wyverns
  4 yaks (D:9)
  A hungry ghost (D:7)
  5 large abominations (Elf:1)
  A warg (D:11)
  2 porcupines (D:9)
  A water moccasin (D:10)
  14 orc warriors
  A sky beast (D:9)
  4 ice beasts
  18 ogres
  2 black bears
  A phantom (D:11)
  7 centaurs
  A big kobold (D:8)
  5 elf zombies (Elf:1)
  5 bullfrogs
  A wyvern skeleton (D:11)
  A water moccasin zombie (D:7)
  3 scorpions
  10 killer bees
  5 wights
  4 howler monkeys
  6 crimson imps
  A centaur zombie (D:6)
  3 bullfrog zombies (D:6)
  2 jellies
  6 hounds
  10 orc priests
  A bullfrog skeleton (D:8)
  A centaur skeleton (D:6)
  13 orc wizards
  9 worker ants
  2 iguanas
  2 hell rats (D:9)
  A hound zombie (D:6)
  2 hound skeletons
  A howler monkey zombie (D:9)
  2 worker ant zombies
  Robin (D:3)
  2 howler monkey skeletons (D:6)
  5 gnolls
  9 adders
  5 shadow imps
  2 oozes
  2 adder skeletons
  9 worms
  A dart slug (D:1)
  4 leopard geckos
  46 orcs
  4 bats (D:2)
  4 giant cockroaches
  18 goblins
  8 hobgoblins
  11 jackals
  7 quokkas
  A ball python (D:3)
  5 frilled lizards
  A jackal skeleton (D:6)
  10 kobolds
  A leopard gecko skeleton (D:4)
  12 rats
  A plant (D:4)
  A withered plant (D:6)
381 creatures vanquished.

Vanquished Creatures (collateral kills)
  A deep elf high priest (Elf:1)
  Harold (D:11)
  A two-headed ogre (Orc:2)
  An ogre mage (Orc:2)
  An orc knight (D:11)
  A necromancer (Elf:1)
  A cyclops (D:11)
  2 trolls (Orc:2)
  A warg (Orc:2)
  An orc warrior (Orc:2)
  4 ogres (Orc:2)
  A bullfrog (D:11)
  2 orc priests (D:8)
  4 orc wizards
  An orc (D:10)
23 creatures vanquished.

Vanquished Creatures (others)
  An orc (D:10)
  5 plants (Orc:2)
6 creatures vanquished.

Grand Total: 410 creatures vanquished

Notes
Turn   | Place    | Note
-------+----------+-------------------------------------------
     0 | D:1      | Bashion the Hill Orc Berserker began the quest for the Orb.
     0 | D:1      | Reached XP level 1. HP: 19/19 MP: 1/1
    25 | D:1      | Reached XP level 2. HP: 12/27 MP: 2/2
   828 | D:2      | Reached XP level 3. HP: 33/33 MP: 3/3
   950 | D:2      | Reached ** piety under Trog
  1009 | D:2      | Found a hazy altar of Hepliaklqana.
  1023 | D:2      | Reached XP level 4. HP: 41/41 MP: 4/4
  1249 | D:2      | Reached skill level 1 in Throwing
  1768 | D:3      | Reached XP level 5. HP: 47/47 MP: 5/5
  1795 | D:3      | Noticed an ice beast
  1813 | D:2      | Killed an ice beast
  1813 | D:2      | Reached skill level 5 in Polearms
  1985 | D:3      | Reached *** piety under Trog
  1989 | D:3      | Reached skill level 5 in Fighting
  1989 | D:3      | Reached XP level 6. HP: 50/56 MP: 6/6
  2082 | D:4      | Noticed Robin
  2593 | D:3      | Killed Robin
  2666 | D:3      | Found a shimmering altar of Xom.
  3068 | D:4      | Reached XP level 7. HP: 27/61 MP: 7/7
  3383 | D:4      | Found an ornate altar of the Wu Jian Council.
  3437 | D:4      | Found Ocot's Book Boutique.
  3536 | D:4      | Found a sacrificial altar of Ru.
  4008 | D:5      | Entered Level 5 of the Dungeon
  4008 | D:5      | Found a staircase to the Ecumenical Temple.
  4008 | D:5      | Found a hide-covered altar of Uskayaw.
  4044 | Temple   | Entered the Ecumenical Temple
  4184 | D:5      | Reached skill level 1 in Shields
  4189 | D:6      | HP: 1/61 [iguana (6)]
  4396 | D:6      | Reached XP level 8. HP: 70/70 MP: 8/8
  4582 | D:6      | Reached **** piety under Trog
  4649 | D:6      | Reached skill level 5 in Armour
  4778 | D:6      | Found a sparkling altar of Nemelex Xobeh.
  4781 | D:6      | Found Xanner's Antique Armour Shop.
  4797 | D:6      | Bought a runed chain mail for 225 gold pieces
  4875 | D:7      | Received a gift from Trog
  5018 | D:7      | Reached XP level 9. HP: 43/78 MP: 9/9
  5420 | D:8      | Reached skill level 5 in Shields
  6396 | D:7      | Noticed Joseph
  6409 | D:7      | Killed Joseph
  6482 | D:7      | Found a white marble altar of Elyvilon.
  6928 | D:5      | Found a sparkling altar of Nemelex Xobeh.
  6969 | D:5      | Found a basalt altar of Yredelemnul.
  7218 | D:5      | Found an opulent altar of Gozag.
  7319 | D:5      | Reached XP level 10. HP: 80/86 MP: 10/10
  7857 | D:6      | Reached skill level 10 in Polearms
  9220 | D:9      | Found a glowing silver altar of Zin.
  9249 | D:9      | Found Junlobul's Book Boutique.
  9255 | D:10     | Entered Level 10 of the Dungeon
  9259 | D:10     | Noticed a death yak
  9316 | D:9      | Killed a death yak
  9880 | D:10     | Noticed a two-headed ogre
  9966 | D:9      | Noticed Gastronok
 10008 | D:9      | Killed Gastronok
 10008 | D:9      | Reached XP level 11. HP: 79/95 MP: 11/11
 10871 | D:10     | Found a staircase to the Lair.
 10872 | D:10     | Noticed a death yak
 10912 | D:10     | Reached ***** piety under Trog
 11494 | D:10     | Killed a two-headed ogre
 11653 | D:11     | Noticed a cyclops
 11654 | D:11     | Found Ushaqunt's Magic Scroll Emporium.
 11662 | D:11     | Killed a cyclops
 11891 | D:11     | Reached skill level 10 in Shields
 11943 | D:11     | Found a staircase to the Orcish Mines.
 11952 | D:11     | Found a roughly hewn altar of Beogh.
 12329 | Orc:1    | Entered Level 1 of the Orcish Mines
 12331 | Orc:1    | Noticed Harold
 12331 | Orc:1    | Noticed an orc knight
 12340 | Orc:1    | Noticed an orc sorcerer
 12351 | D:11     | Received a gift from Trog
 12478 | D:11     | Killed Harold
 12483 | D:11     | Killed an orc knight
 12544 | Orc:1    | Killed an orc sorcerer
 12756 | Orc:1    | Noticed an orc sorcerer
 12771 | Orc:1    | Killed an orc sorcerer
 12835 | Orc:1    | Noticed Josephine
 12909 | D:11     | Killed Josephine
 12909 | D:11     | Reached XP level 12. HP: 104/104 MP: 12/12
 12996 | Orc:2    | Entered Level 2 of the Orcish Mines
 12996 | Orc:2    | Found a staircase to the Elven Halls.
 13007 | Orc:2    | Found Ymeado's Assorted Antiques.
 13024 | Orc:2    | Found Cieroladd's General Store.
 13024 | Orc:2    | Noticed a two-headed ogre
 13025 | Orc:2    | Noticed a two-headed ogre
 13025 | Orc:2    | Found Car Xush's Food Boutique.
 13026 | Orc:2    | Noticed a two-headed ogre
 13026 | Orc:2    | Noticed a two-headed ogre
 14053 | Orc:1    | Killed a two-headed ogre
 14065 | Orc:1    | Killed a two-headed ogre
 14353 | Orc:2    | Noticed an ettin
 14354 | Orc:2    | Noticed a two-headed ogre
 14361 | Orc:1    | HP: 4/159 [ettin/dire flail (36)]
 14363 | Orc:1    | Killed an ettin
 15247 | Orc:2    | Noticed a two-headed ogre
 15461 | Orc:1    | Killed a two-headed ogre
 15775 | Orc:1    | Killed a two-headed ogre
 15830 | Orc:1    | Received a gift from Trog
 15830 | Orc:1    | Reached skill level 10 in Fighting
 15950 | Orc:2    | Found Rynkaats's Food Shoppe.
 15953 | Orc:2    | Noticed an orc high priest
 15957 | Orc:2    | Noticed a sun demon
 15960 | Orc:2    | Noticed a soul eater
 15960 | Orc:2    | Noticed a two-headed ogre
 16322 | Orc:2    | Found Ibubas's General Store.
 16322 | Orc:2    | Noticed an ogre mage
 16322 | Orc:2    | Noticed a two-headed ogre
 16323 | Orc:2    | Noticed an ogre mage
 16403 | Orc:1    | Killed a two-headed ogre
 16403 | Orc:1    | Reached skill level 10 in Armour
 16628 | Orc:2    | Killed an ogre mage
 16653 | Orc:2    | Killed a two-headed ogre
 16733 | Orc:1    | Reached XP level 13. HP: 63/114 MP: 13/13
 17638 | Orc:2    | Found Ruuney's General Store.
 18160 | Orc:2    | Found Zurar's Armour Boutique.
 18311 | Orc:2    | Bought a +4 plate armour of poison resistance for 799 gold pieces
 18328 | Orc:2    | Bought a potion of heal wounds for 85 gold pieces
 18528 | Orc:2    | Bought a scarf of cloud immunity for 98 gold pieces
 18627 | Elf:1    | Entered Level 1 of the Elven Halls
 18983 | Elf:1    | Received a gift from Trog
 19446 | Elf:1    | Noticed a deep elf death mage
 19458 | Elf:1    | Killed a deep elf death mage
 19689 | Elf:1    | Reached skill level 1 in Stealth
 19736 | Elf:1    | Noticed a deep elf high priest
 19745 | Elf:1    | Killed a deep elf high priest
 20279 | Elf:1    | Shot with an arrow by a deep elf archer

Vault maps used:
D:1:      elethiomel_arrival_infinity_welcomes_careful_drivers
D:2:      overflow_temple_1_default, minmay_misc_feat_more_columns,
          kennysheep_pointless_box, kennysheep_nondescript, minmay_bisected
D:3:      nicolae_overflow_crystal_walls, roderic_lattice_a,
          uniq_crazy_yiuf_cottage
D:4:      lemuel_crystal_altar, serial_shops, nicolae_shop_stone, serial_glass,
          glass_columns_a, glass_columns_a, nicolae_ru_the_path_less_chosen,
          uniq_robin
D:5:      grunt_gozag_breadcrumbs, eat_drink_and_be_merry_uskayaw,
          yredelemnul_altar_generic, minmay_temple_entry_trees, basic_altar,
          first_bread
D:6:      old_standard_altar, serial_undead, serial_undead_e, serial_undead_a,
          serial_undead_d, serial_undead_b, serial_shops, shop_statue,
          st_stairs_7, kennysheep_dice
D:7:      kennysheep_mini_moat, uniq_joseph
D:8:      blue_anna_alchemist
D:9:      zin_statuary, serial_shops, shop, uniq_gastronok
D:10:     dpeg_lair_monsters, serial_shops, nicolae_shop_window_shopping,
          nrook_mini_vaults
D:11:     minmay_orc_entry_temple_small, serial_shops, shop,
          nicolae_underground_beach
Temple:   cyrus_circular_temple
Orc:1:    uniq_harold, uniq_josephine
Orc:2:    st_orc_open, serial_shops, nicolae_shop_overgrown_old_shop,
          nicolae_shop_trees, shop
Elf:1:    special_room, minmay_elf_necromancy

Skill      XL: |  1  2  3  4  5  6  7  8  9 10 11 12 13 |
---------------+----------------------------------------+-----
Fighting       | 4 5 6 7 8 9 10 11 | 11.4
Polearms       | 4 5 6 7 8 9 11 12 13 | 13.9
Throwing       | 1 2 3 |  3.9
Armour         | 3 4 5 7 8 10 | 10.9
Dodging        | 2 3 |  3.6
Shields        | 1 4 6 8 10 12 13 | 13.7
Stealth        | 1 |  1.0
Evocations     | |  0.9

Action                   |  1- 3 |  4- 6 |  7- 9 | 10-12 | 13-15 || total
-------------------------+-------+-------+-------+-------+-------++-------
Melee: Spear             |    91 |    29 |       |       |       ||   120
       Trident           |       |   281 |   455 |   965 |   347 ||  2048
Throw: Tomahawk          |    14 |       |    18 |    40 |    21 ||    93
Invok: Berserk           |       |     1 |     7 |    16 |     6 ||    30
       Brothers in Arms  |       |       |       |     4 |     3 ||     7
       Trog's Hand       |       |       |       |     1 |     3 ||     4
       Burn Spellbooks   |       |       |       |       |     1 ||     1
Evoke: Wand              |       |       |     3 |     4 |       ||     7
  Use: Scroll            |     5 |     2 |    10 |    15 |     1 ||    33
       Potion            |       |       |     1 |     4 |     5 ||    10
 Stab: Distracted        |       |       |       |       |     3 ||     3
  Eat: Chunk             |       |     8 |     9 |    30 |    11 ||    58
       Fruit             |       |       |     7 |    14 |     1 ||    22
       Meat ration       |       |       |     1 |       |     1 ||     2
       Bread ration      |       |       |     1 |     1 |     1 ||     3
       Royal jelly       |       |       |       |       |     1 ||     1
Armor: Chain mail        |    52 |   185 |   160 |   192 |       ||   589
       Plate armour      |       |       |       |   122 |   118 ||   240
Dodge: Dodged            |    52 |   133 |    66 |   215 |    58 ||   524
Block: Shield            |       |       |   136 |   445 |   152 ||   733

Table legend:
 A = Spawn XP
 B = Non-spawn XP
 C = Spawn XP percentage of total XP
 D = Spawn monster count
 E = Non-spawn monster count
 F = Spawn count percentage of total count
 G = Total turns spent on level
                    A         B        C        D         E        F      G
               +---------+---------+-------+---------+---------+-------+---------
         Total |       0 |   50832 |   0.0 |       0 |     402 |   0.0 | 20279
               +---------+---------+-------+---------+---------+-------+---------
           D:1 |       0 |      30 |   0.0 |       0 |      10 |   0.0 |   783
           D:2 |       0 |     266 |   0.0 |       0 |      47 |   0.0 |  1081
           D:3 |       0 |     212 |   0.0 |       0 |      32 |   0.0 |   921
           D:4 |       0 |     238 |   0.0 |       0 |      13 |   0.0 |  1223
           D:5 |       0 |     760 |   0.0 |       0 |      16 |   0.0 |  1334
           D:6 |       0 |    1241 |   0.0 |       0 |      30 |   0.0 |   826
           D:7 |       0 |    1825 |   0.0 |       0 |      31 |   0.0 |  1023
           D:8 |       0 |     956 |   0.0 |       0 |      12 |   0.0 |  1337
           D:9 |       0 |    5517 |   0.0 |       0 |      42 |   0.0 |  2637
          D:10 |       0 |    1834 |   0.0 |       0 |      19 |   0.0 |   323
          D:11 |       0 |    5281 |   0.0 |       0 |      31 |   0.0 |  1420
         Orc:1 |       0 |   15078 |   0.0 |       0 |      65 |   0.0 |  4664
         Orc:2 |       0 |    6515 |   0.0 |       0 |      30 |   0.0 |  1332
         Elf:1 |       0 |   11079 |   0.0 |       0 |      24 |   0.0 |  1313
               +---------+---------+-------+---------+---------+-------+---------
